[Event "NK ABC Kwalificatie 2"]
[Site "Zoetermeer, Netherlands"]
[Date "2025.01.05"]
[Round "5.15"]
[White "Los, Evan"]
[Black "Baarspul, Bram"]
[Result "1/2-1/2"]
[TimeControl "55+10"]
[WhiteFideId "8887274"]
[BlackFideId "9026171"]
[WhiteElo "1799"]
[BlackElo "1986"]

1. c4 Nf6 2. Nc3 d5 3. cxd5 Nxd5 4. Nf3 Nxc3 5. bxc3 g6 6. g3 Bg7 7. Bg2 O-O 8. O-O c5 9. Ba3 Qa5 10.
Bb2 Nc6 11. Qc2 e5 12. d3 Be6 13. Nd2 Qc7 14. c4 Nd4 15. Bxd4 exd4 16. Rab1 Rab8 17. Rb2 Rfe8 18. Rfb1 b6 19.
a4 Bd7 20. Nf1 Bc6 21. Bxc6 Qxc6 22. a5 Re7 23. axb6 Rxb6 24. Rxb6 axb6 25. e3 h5 26. e4 Ra7 27. Rb3 Be5 28.
Qb2 Bc7 29. Ra3 Rxa3 30. Qxa3 b5 31. Qb3 b4 32. Nd2 Qa8 33. Qb1 Qa3 34. Nb3 Qa7 35. Qc2 Bd8 36. h4 Kg7 37. Kg2 f6 38.
f4 g5 39. fxg5 fxg5 40. Qd1 Kg6 41. hxg5 Bxg5 42. Qe2 Qb6 43. Qf2 Qd6 1/2-1/2

[Event "NK ABC Kwalificatie 2"]
[Site "Zoetermeer, Netherlands"]
[Date "2025.01.05"]
[Round "5.16"]
[White "Koppenens, Oscar"]
[Black "Bajnath, Dhanesh"]
[Result "1-0"]
[TimeControl "55+10"]
[WhiteFideId "8863833"]
[BlackFideId "9005634"]
[WhiteElo "1948"]
[BlackElo "1791"]

1. e4 e5 2. Nf3 Nc6 3.
Bc4 Nf6 4. d4 exd4 5. e5 d5 6. Bb5 Ne4 7. Nxd4 Bd7 8. Bxc6 bxc6 9. O-O Bc5 10. f3 Ng5 11. f4 Ne4 12. Be3 Qb8 13.
Qc1 O-O 14. f5 Bxd4 15. Bxd4 c5 16. Be3 c6 17. f6 Qxe5 18. fxg7 Rfe8 19. Bf4 Qd4+ 20. Be3 Qxg7 21. Bh6 Qg6 22.
Kh1 Re6 23. Bf4 Rae8 24. Nc3 Nxc3 25. bxc3 Re2 26. Bg3 Rxc2 27. Qf4 Rxc3 28. Rae1 Rc4 29. Qc7 Rxe1 30. Rxe1 Be6 31. Qxc6 d4 32. Be5 f6 33. Qxe6+ Qf7 34.
Qg4+ Qg7 35. Qe2 Rc3 36. Bd6 Kf7 37. Qe8# 1-0

[Event "NK ABC Kwalificatie 2"]
[Site "Zoetermeer, Netherlands"]
[Date "2025.01.05"]
[Round "5.17"]
[White "Cubuk, Armin"]
[Black "Kumar, Prayan Sai"]
[Result "1-0"]
[TimeControl "55+10"]
[WhiteFideId "9004138"]
[BlackFideId "8803069"]
[WhiteElo "1777"]
[BlackElo "1901"]

1. e4 c6 2. d4 d5 3. Nc3 dxe4 4. Nxe4 Nf6 5. Nxf6+ exf6 6.
c3 Bd6 7. Bd3 O-O 8. Qc2 Re8+ 9. Ne2 h5 10. h3 Qc7 11. O-O Be6 12. Be3 Nd7 13. Rac1 Nf8 14. a3 Rad8 15. Rfd1 g6 16.
Bh6 Kh7 17. Be3 f5 18. Qd2 Bd5 19. Bf4 Be4 20. Bxd6 Qxd6 21. Bc4 Ne6 22. f3 Bd5 23. Bxd5 cxd5 24. c4 g5 25. Qa5 a6 26.
cxd5 Qxd5 27. Qb6 Kg7 28. Nc3 Qc6 29. Qxc6 bxc6 30. d5 cxd5 31. Rxd5 Nf4 32. Rxf5 Kg6 33. Ra5 Rd2 34. Rxa6+ Kh7 35. Kf1 Rxg2 36.
Ne4 Kg7 37. b4 Rh2 1-0

[Event "NK ABC Kwalificatie 2"]
[Site "Zoetermeer, Netherlands"]
[Date "2025.01.05"]
[Round "6.1"]
[White "Snijders, Take"]
[Black "Ertabak, Aral"]
[Result "1-0"]
[TimeControl "55+10"]
[WhiteFideId "8935927"]
[BlackFideId "9008483"]
[WhiteElo "2119"]
[BlackElo "1842"]

1. e4 c6 2. d4 d5 3. e5 Bf5 4. h4 h6 5. g4 Be4 6. f3 Bh7 7. e6 Qd6 8. exf7+ Kxf7 9. f4 Nf6 10.
Nf3 Nxg4 11. Bh3 h5 12. Ne5+ Kg8 13. Nxg4 hxg4 14. Qxg4 Bxc2 15. Qe6+ Kh7 16. Rh2 Bd3 17. Qe3 Bxb1 18.
Rxb1 Na6 19. Rg2 Qf6 20. Rg5 Nc7 21. Bd2 e6 22. Ke2 Re8 23. Rbg1 Nb5 24. Bc3 Nd6 25. h5 Ne4 26. Rg6 Qf7 27.
Qf3 Rg8 28. Qg4 Qf5 29. Qxf5 exf5 30. Kf3 Kh8 31. Bxf5 Nxc3 32. bxc3 Ba3 33. h6 Re7 34. Rh1 gxh6 35.
Rhxh6+ Rh7 36. Rxg8+ 1-0

[Event "NK ABC Kwalificatie 2"]
[Site "Zoetermeer, Netherlands"]
[Date "2025.01.05"]
[Round "6.2"]
[White "Kleibeuker, Mika"]
[Black "Bakija, Alan"]
[Result "1/2-1/2"]
[TimeControl "55+10"]
[WhiteFideId "8577228"]
[BlackFideId "8629346"]
[WhiteElo "1980"]
[BlackElo "2247"]

1. d4 d6 2. Nf3 Nf6 3. g3 g6 4. Bg2 Bg7 5. O-O O-O 6. b3 Nbd7 7. Bb2 c6 8. c4 Qc7 9. Qc2 Re8 10.
e4 e5 11. dxe5 dxe5 12. Rd1 Nf8 13. Nbd2 Bg4 14. h3 Bxf3 15. Nxf3 N6d7 16. a3 Ne6 17. b4 c5 18. bxc5 Nexc5 19. Nd2 Rac8 20. Nf1 Nb6 21. Ne3 Nca4 22. Rab1 Bh6 23. Ng4 Bg7 24. Ne3 Red8 25. Ba1 Qc6 26. Nd5 Nxd5 27. exd5 Qd7 28. Qe2 Re8 29. d6 b6 30. Rd5 Rc5 31. Rbd1 Rxd5 32. Rxd5 Re6 33. h4 Rxd6 34. Bxe5 Rxd5 35.
Bxd5 Qe7 36. Qd1 Bxe5 37. Qxa4 Bd6 38. h5 gxh5 39. Qd1 Bc5 40. Qf3 Bxa3 41. Qxh5 Bb2 42. Qf5 h6 43. Qc8+ Kg7 44.
Qg4+ Qg5 45. Qd7 Qf6 46. Qxa7 Bd4 47. Qa2 Qe5 48. Kg2 Qf6 1/2-1/2

[Event "NK ABC Kwalificatie 2"]
[Site "Zoetermeer, Netherlands"]
[Date "2025.01.05"]
[Round "6.3"]
[White "Damen, Josephine"]
[Black "Kumar, Prajit Sai"]
[Result "0-1"]
[TimeControl "55+10"]
[WhiteFideId "8647606"]
[BlackFideId "8767979"]
[WhiteElo "1891"]
[BlackElo "2210"]

1. e4 c5 2. Nf3 Nc6 3. d4 cxd4 4.
Nxd4 Nf6 5. Nc3 d6 6. f3 e5 7. Nb3 Be6 8. Nd5 Be7 9. Be3 O-O 10. Qd2 a5 11. Bb6 Qb8 12. Nc7 a4 13.
Nxa8 Qxa8 14. Na5 d5 15. Nxc6 bxc6 16. Qa5 dxe4 17. fxe4 Nxe4 18. Qxe5 c5 19. Bd3 Bh4+ 20. g3 Nxg3 21.
O-O-O Nxh1 22. Qh5 Bg5+ 23. Qxg5 Nf2 24. Bxh7+ Kxh7 25. Qh4+ Kg8 26. Qxf2 Qe4 27. Bxc5 Rc8 28. Bd4 Bf5 29.
Bc3 Bg6 30. Rd4 Qh1+ 31. Rd1 Qe4 32. Rd4 Qc6 33. Qh4 Re8 34. Rd8 Qh1+ 35. Be1 Qc6 36. Bc3 a3 37. Qd4 Qh1+ 38. Qd1 axb2+ 39. Bxb2 Qe4 40. Qd4 Qe1+ 41. Qd1 Qe3+ 42. Kb1 Kh7 43. Rxe8 Qxe8 44. Qf1 Qc8 45. Qf2 Qc4 46. Qd2 f6 47. Qd1 Qe4 48. a3 Kg8 49.
Kc1 Bf5 50. Kb1 Qg2 51. h4 Qe4 52.
h5 Kh7 53. Kc1 Kh6 54. Bc3 Qc4 55. Qd4 Qf1+ 56. Kb2 Qb5+ 57. Bb4 Kxh5 58. Qd1+ Kg6 59. Qg1+ Kf7 60. Qa7+ Kg6 61. Qg1+ Kh7 62.
Qh1+ Kg8 63. Qa8+ Kf7 64. Qa7+ Bd7 65. c4 Qc6 66. Qc5 Qg2+ 67. Kb3 Bg4 68. Qe7+ Kg6 69. Qe8+ Kh7 70. Qe1 Qh2 71.
c5 Qh3+ 72. Ka4 Bd7+ 73. Ka5 Qd3 74. Qh1+ Kg6 75. Qb7 Bf5 76.
c6 Be4 77. Qd7 Qc4 78. c7 Bc6 79.
Qxc6 Qxc6 0-1

[Event "NK ABC Kwalificatie 2"]
[Site "Zoetermeer, Netherlands"]
[Date "2025.01.05"]
[Round "6.4"]
[White "Ramdien, Steven"]
[Black "Ramak, Vince"]
[Result "1-0"]
[TimeControl "55+10"]
[WhiteFideId "8722626"]
[BlackFideId "8984470"]
[WhiteElo "1780"]
[BlackElo "1969"]

1. e4 Nf6 2. e5 Nd5 3. d4 d6 4. c4 Nb6 5. f4 dxe5 6. fxe5 Bf5 7. Nf3 e6 8. Be2 Nc6 9. O-O Be7 10.
Nc3 f6 11. Be3 O-O 12. Rc1 fxe5 13. dxe5 Bg4 14. b3 Bxf3 15. Bxf3 Bg5 16. Bxg5 Qxg5 17. Bxc6 bxc6 18. Qe2 Nd7 19.
Rfe1 Rf5 20. Ne4 Qe7 21. Ng3 Rxe5 22.
Qd2 Rd8 23. Rxe5 Nxe5 24. Qe3 Ng4 25. Qxa7 Qh4 26. Nf1 Rf8 27. h3 Ne5 28. Qe3 Qf2+ 29. Qxf2 Rxf2 30. Re1 Rf5 31. Ng3 Rg5 32.
Kh2 Kf7 33. a4 Nd3 34. Rd1 Nc5 35. b4 Nxa4 36. Rd7+ Kg6 37. Rxc7 c5 38. b5 Nb6 39. Ne4 Re5 40. Nd6 Re1 41. Rc6 Nd7 42. b6 Rb1 43.
Nb5 Nxb6 44. Rxb6 Rb4 45. Rxe6+ Kf5 46. Rc6 Kf4 47. Rxc5 g5 48. Nc7 Rb1 49. Ne6+ Ke3 50. Nxg5 h5 51.
Nf3 1-0

[Event "NK ABC Kwalificatie 2"]
[Site "Zoetermeer, Netherlands"]
[Date "2025.01.05"]
[Round "6.5"]
[White "Van de Poel, Jona"]
[Black "Smeenk, Merijn"]
[Result "1-0"]
[TimeControl "55+10"]
[WhiteFideId "8707633"]
[BlackFideId "8707919"]
[WhiteElo "1857"]
[BlackElo "1782"]

1. e4 c5 2. Nf3 Nc6 3. d4 cxd4 4. Nxd4 e5 5. Nb5 d6 6. c4 Be6 7. Be2 Be7 8. O-O a6 9. N5c3 Nf6 10. Bg5 Nd7 11. Bxe7 Qxe7 12. Na3 O-O 13. Nc2 f5 14. Qd2 Nc5 15.
Rad1 Rad8 16. f3 b6 17. b4 Nb7 18. Nd5 Qf7 19. Nxb6 f4 20. Nd5 h5 21. Kh1 g5 22. g3 Kh7 23.
Rg1 Rg8 24. gxf4 gxf4 25. Bd3 h4 26. Qf2 Rg3 27. hxg3 hxg3 28. Rxg3 fxg3 29. Qxg3 Qh5+ 30. Qh2 Qxh2+ 31. Kxh2 Rf8 32.
Kg3 Kg6 33. f4 exf4+ 34. Nxf4+ Kf6 35. Be2 Ne5 36. Ne3 Rg8+ 37. Kf2 Rh8 38. Ned5+ Bxd5 39. Nxd5+ Kf7 40. Rf1 a5 41. Kg3+ Ke8 42.
a3 axb4 43. axb4 Kd7 44. Bg4+ Kc6 45. Ra1 Nxg4 46. Kxg4 Rg8+ 47. Kf4 Nd8 48. Ne7+ 1-0

[Event "NK ABC Kwalificatie 2"]
[Site "Zoetermeer, Netherlands"]
[Date "2025.01.05"]
[Round "6.11"]
[White "Heus, Daan"]
[Black "Van Batenburg, Mees"]
[Result "*"]
[TimeControl "55+10"]
[WhiteFideId "8814652"]
[BlackFideId "8762545"]
[WhiteElo "1891"]
[BlackElo "2221"]

1. d4 e6 2. c4 f5 3. Nf3 Nf6 4. g3 Be7 5. Bg2 O-O 6. O-O d6 7. Nc3 Ne4 8. Qc2 Nxc3 9. Qxc3 a5 10. Re1 Nc6 11. e4 e5 *

[Event "NK ABC Kwalificatie 2"]
[Site "Zoetermeer, Netherlands"]
[Date "2025.01.05"]
[Round "6.12"]
[White "Pathak, Raghav"]
[Black "Etienne, Ghilon"]
[Result "0-1"]
[TimeControl "55+10"]
[WhiteFideId "8923849"]
[BlackFideId "8852118"]
[WhiteElo "1926"]
[BlackElo "1901"]

1. e4 e5 2. Nf3 Nc6 3. d4 exd4 4. Nxd4 Bc5 5. Nb3 Bb6 6.
Nc3 Nf6 7. Qe2 d6 8. Be3 Be6 9. O-O-O O-O 10. f3 Qe7 11. g4 Bxe3+ 12. Qxe3 a5 13. Nd4 Nxd4 14. Qxd4 a4 15. a3 Nd7 16.
h4 Qf6 17. Qe3 Ne5 18. Be2 Ng6 19. Kb1 Qf4 20. Qg1 Ne5 21. Qg2 Ra5 22. Rhf1 Rb8 23. Nb5 Nc4 24. Bxc4 Bxc4 25. Nxc7 Bxf1 26.
Qxf1 Rc5 27. Nd5 Qh2 28. Qd3 Qxh4 29. Nc3 Rc6 30. Nxa4 h6 31.
Nc3 Rbc8 32. Rd2 Qe1+ 33. Ka2 Qc1 34. Ne2 Qf1 35. Rd1 Qf2 36. Nd4 Rb6 37. Rd2 Qh4 38. Qe3 Qf6 39. Nb3 Rbc6 40.
Qd3 Qe6 41. Kb1 Qc4 42. Qe3 Qf1+ 43. Nc1 Qb5 44. Nb3 Qf1+ 45. Nc1 Qb5 46. Qf2 Qc5 47. Qe2 Qc4 48. Qf2 Qc5 49. Qe2 Qc4 50.
Qxc4 Rxc4 51. c3 R4c6 52. Nd3 Kf8 53. Nb4 Rb6 54. Rd4 f6 55. Kc2 Kf7 56. Kd2 Rc5 57. Nd3 Rg5 58. Kc2 h5 59.
Nf2 h4 60. Nh3 Rgb5 61. b4 Ra6 62. Kb3 g5 63. a4 Re5 64. b5 Ra8 65. Rxd6 Ke7 66. Rd4 b6 67. Rc4 Rc5 68. Rd4 Rd8 69.
Rxd8 Kxd8 70. c4 Kc7 71. Kc3 Kd6 72. Kd4 Rc8 73. Nf2 Ra8 74. e5+ fxe5+ 75. Kc3 Ke7 76. Kb4 Rf8 77. Ne4 h3 78.
c5 h2 79. Ng3 Rf4+ 80. Kb3 Rxf3+ 81. Kc4 Rxg3 82. Kd4 0-1

[Event "NK ABC Kwalificatie 2"]
[Site "Zoetermeer, Netherlands"]
[Date "2025.01.05"]
[Round "6.13"]
[White "Ten Dam, Bram"]
[Black "Thijssen, Freek"]
[Result "1/2-1/2"]
[TimeControl "55+10"]
[WhiteFideId "8975340"]
[BlackFideId "8806479"]
[WhiteElo "2013"]
[BlackElo "1889"]

1. e4 e5 2. Nf3 Nc6 3. Bc4 Bc5 4. c3 Nf6 5. d3 d6 6. O-O h6 7. a4 Bb6 8. Re1 O-O 9. h3 Re8 10.
Nbd2 Be6 11. Bxe6 Rxe6 12. b4 a6 13. Bb2 d5 14. Qb3 dxe4 15. dxe4 Nh5 16. Nc4 Nf4 17. Nxb6 cxb6 18. Rad1 Qe7 19.
Kh2 Rd6 20. g3 Qd8 1/2-1/2

[Event "NK ABC Kwalificatie 2"]
[Site "Zoetermeer, Netherlands"]
[Date "2025.01.05"]
[Round "6.14"]
[White "Koppenens, Oscar"]
[Black "Wacht, Florian"]
[Result "1-0"]
[TimeControl "55+10"]
[WhiteFideId "8863833"]
[BlackFideId "8823034"]
[WhiteElo "1948"]
[BlackElo "1818"]

1. e4 e5 2. Nf3 Nc6 3. Bc4 Nf6 4. d4 exd4 5. e5 d5 6. Bb5 Ne4 7. Nxd4 Bd7 8. Bxc6 bxc6 9. O-O Bc5 10.
f3 Ng5 11. f4 Ne4 12. Be3 Bb6 13. Nd2 Nxd2 14. Qxd2 c5 15. Nf3 Bc6 16. f5 O-O 17. f6 g6 18. Bf2 d4 19. Qh6 Bxf3 20.
Qg7# 1-0

[Event "NK ABC Kwalificatie 2"]
[Site "Zoetermeer, Netherlands"]
[Date "2025.01.05"]
[Round "6.15"]
[White "Mittal, Aashray"]
[Black "Cubuk, Armin"]
[Result "1-0"]
[TimeControl "55+10"]
[WhiteFideId "8924784"]
[BlackFideId "9004138"]
[WhiteElo "1889"]
[BlackElo "1777"]

1. e4 c6 2. d4 d5 3. exd5 cxd5 4. c4 Nf6 5. Nc3 Nc6 6. Nf3 Bg4 7. cxd5 Nxd5 8. Bc4 Nxc3 9. bxc3 e6 10.
O-O Bd6 11. Rb1 Rb8 12. Re1 O-O 13. Be2 Qa5 14. Qc2 Bf5 15. Bd3 Bxd3 16. Qxd3 h6 17. Rb5 Qa6 18. c4 Nb4 19. Qe4 Nd5 20.
Qh4 Be7 21. Qh3 Kh7 22. Ne5 Rbd8 23. Qd3+ Kg8 24. cxd5 Rxd5 25. Rxd5 Qxd3 26. Nxd3 1-0

[Event "NK ABC Kwalificatie 2"]
[Site "Zoetermeer, Netherlands"]
[Date "2025.01.05"]
[Round "6.17"]
[White "Baarspul, Bram"]
[Black "Rooijakkers, Liam"]
[Result "1-0"]
[TimeControl "55+10"]
[WhiteFideId "9026171"]
[BlackFideId "8755868"]
[WhiteElo "1986"]
[BlackElo "1796"]

1. e4 d6 2. d4 Nf6 3. Nc3 Nbd7 4. Nf3 e5 5. Bc4 h6 6. O-O c6 7. Be3 Qc7 8. dxe5 dxe5 9. Qd2 Be7 10.
Nh4 b5 11. Bb3 b4 12. Ne2 Nxe4 13. Qd3 Bxh4 14. Qxe4 Be7 15. Qg4 Bf8 16. Qg3 a5 17. f4 e4 18. a3 a4 19. axb4 Ba6 20.
Rxa4 Nb6 21. Bxb6 Qxb6+ 22. Qf2 e3 23. Qg3 Rd8 24. Rxa6 Qxa6 25. Qxe3+ Be7 26. Nd4 Qb6 27. c3 Rd7 28.
Ba4 Rc7 29. Re1 O-O 30. Nxc6 Qxe3+ 31. Rxe3 Bd6 32. g3 Ra8 33. b3 Kh7 34. Nd4 Re7 35. Rd3 Bc7 36. Kf2 Bb6 37. Kf3 Rc8 38.
c4 Rec7 39. c5 Ba7 40. Nb5 Re7 41. Nxa7 Rxa7 42. c6 Kg6 43. b5 Re7 44. b6 Rb8 45. c7 Rf8 46. Rd8 1-0

[Event "NK ABC Kwalificatie 2"]
[Site "Zoetermeer, Netherlands"]
[Date "????.??.??"]
[Round "7.1"]
[White "Kumar, Prajit Sai"]
[Black "Snijders, Take"]
[Result "1/2-1/2"]
[TimeControl "55+10"]
[WhiteFideId "8767979"]
[BlackFideId "8935927"]
[WhiteElo "2210"]
[BlackElo "2119"]

1. e4 c6 2. Nf3 d5 3. Nc3 dxe4 4.
Nxe4 Nf6 5. Qe2 Nxe4 6. Qxe4 Be6 7. b3 Nd7 8. Bb2 Nf6 9. Qf4 Nd5 10. Qe4 Nf6 11. Qh4 Bf5 12. d3 e6 13.
Be2 Qa5+ 14. Kf1 Be7 15. Qf4 Nd5 16. Qd2 Bb4 17. Qc1 Bc3 18. a3 1/2-1/2

[Event "NK ABC Kwalificatie 2"]
[Site "Zoetermeer, Netherlands"]
[Date "????.??.??"]
[Round "7.2"]
[White "Bakija, Alan"]
[Black "Ramdien, Steven"]
[Result "1-0"]
[TimeControl "55+10"]
[WhiteFideId "8629346"]
[BlackFideId "8722626"]
[WhiteElo "2247"]
[BlackElo "1780"]

1. d4 Nf6 2. c4 g6 3. Nf3 Bg7 4. g3 d6 5. Nc3 O-O 6. Bg2 c5 7. O-O e6 8. dxc5 dxc5 9. Be3 Qe7 10.
Qc2 Nbd7 11. Rad1 Nb6 12. b3 Bd7 13. Ne5 Rab8 14. Bf4 Nh5 15. Nxd7 Nxf4 16. Nxb6 Nxg2 17. Nd7 Nf4 18. gxf4 Rbd8 19.
Nxf8 Rxf8 20. e3 e5 21. Nd5 Qe6 22. Qe4 Qg4+ 23. Qg2 Qe6 24. Kh1 h5 25. Rg1 Kh7 26. Qf3 b6 27. f5 1-0

[Event "NK ABC Kwalificatie 2"]
[Site "Zoetermeer, Netherlands"]
[Date "????.??.??"]
[Round "7.3"]
[White "Ponomarev, Ivan"]
[Black "Kleibeuker, Mika"]
[Result "*"]
[TimeControl "55+10"]
[WhiteFideId "8662115"]
[BlackFideId "8577228"]
[WhiteElo "2005"]
[BlackElo "1980"]

1. c4 c6 2. g3 d5 3. cxd5 cxd5 4. d4 Nc6 5. Nf3 Nf6 6. Bg2 Bf5 7. a3 e6 8. O-O Bd6 9. Nc3 a6 10.
Re1 O-O 11. b4 b5 12. Bb2 Qb6 13. Qd2 a5 14. a4 Bxb4 15. axb5 Na7 16. Nh4 Be4 17. f3 Bg6 18. Nxg6 hxg6 19.
e3 Nxb5 20. Bf1 Nxc3 21. Bxc3 Bxc3 22. Qxc3 Rfc8 23. Qd3 Rc4 24. Ra3 Rb4 25. Rea1 Ne8 26. Qc3 Nd6 *

[Event "NK ABC Kwalificatie 2"]
[Site "Zoetermeer, Netherlands"]
[Date "????.??.??"]
[Round "7.4"]
[White "Ertabak, Aral"]
[Black "Van de Poel, Jona"]
[Result "*"]
[TimeControl "55+10"]
[WhiteFideId "9008483"]
[BlackFideId "8707633"]
[WhiteElo "1842"]
[BlackElo "1857"]

1. e4 c5 2. c3 Nf6 3. e5 Nd5 4. Nf3 d6 5. d4 cxd4 6. cxd4 Nc6 7. Bc4 dxe5 8. Bxd5 Qxd5 9. Nc3 Qd6 10.
d5 Nd4 11. Nxd4 exd4 12. Qxd4 Bd7 13. O-O e6 14. Re1 Qb4 15. Qe5 Qd6 16. Qg5 h6 17. Qg4 O-O-O 18. Be3 exd5 19. Qd4 b6 20.
a4 Kb7 21. a5 Be7 22. axb6 axb6 *

[Event "NK ABC Kwalificatie 2"]
[Site "Zoetermeer, Netherlands"]
[Date "????.??.??"]
[Round "7.5"]
[White "Rogozyanskiy, Alexander"]
[Black "Kulikova, Polina"]
[Result "*"]
[TimeControl "55+10"]
[WhiteFideId "8973866"]
[BlackFideId "8896063"]
[WhiteElo "1873"]
[BlackElo "1774"]

1. e4 c6 2. Nc3 d5 3. Nf3 dxe4 4. Nxe4 Bf5 5. Ng3 Bg6 6. h4 h6 7. Ne5 Qd6 8. Nxg6 Qxg6 9. d4 Qe6+ 10.
Be2 Nf6 11. c4 Nbd7 12. Bf4 Nb6 13. Rc1 g6 14. O-O Bg7 15. a4 O-O 16. a5 Nc8 17. Re1 Qd7 18. Be5 Rd8 19. Qc2 e6 *

[Event "NK ABC Kwalificatie 2"]
[Site "Zoetermeer, Netherlands"]
[Date "????.??.??"]
[Round "7.6"]
[White "Teianu, Sabin"]
[Black "Zhu, Chenwu"]
[Result "1/2-1/2"]
[TimeControl "55+10"]
[WhiteFideId "8926082"]
[BlackFideId "8733846"]
[WhiteElo "2073"]
[BlackElo "2177"]

1. d4 d5 2. c4 e6 3. Nf3 Nf6 4. Nc3 c5 5. cxd5 Nxd5 6. e4 Nxc3 7. bxc3 cxd4 8. cxd4 Bb4+ 9. Bd2 Bxd2+ 10. Qxd2 O-O 11. Bc4 Nd7 12. O-O b6 13. Rad1 Bb7 14. Rfe1 Rc8 15. Bb3 Re8 16. h3 Nf6 17. Qf4 Nh5 18.
Qg4 Nf6 19. Qh4 Nd7 20. Qg3 Nf6 21.
d5 exd5 22. e5 Nd7 23. Nd4 g6 24. Nf5 Nxe5 25. Rxe5 Rxe5 26. Qxe5 gxf5 27. Qxf5 Kf8 28. Bxd5 Bxd5 29. Rxd5 Rc1+ 30.
Kh2 Qc7+ 31. g3 Rc5 32. Rxc5 bxc5 33. Qxh7 c4 34. Qh8+ Ke7 35. Qc3 Qc5 36. Kg2 Qc6+ 37. Qf3 Qa4 38.
Qe2+ Kf8 39. Qd2 Qc6+ 40. Kf1 c3 41. Qc2 Qh1+ 42. Ke2 Qxh3 1/2-1/2

[Event "NK ABC Kwalificatie 2"]
[Site "Zoetermeer, Netherlands"]
[Date "????.??.??"]
[Round "7.7"]
[White "Kazarjan, Gachatur"]
[Black "Teianu, Maxim"]
[Result "1-0"]
[TimeControl "55+10"]
[WhiteFideId "8595884"]
[BlackFideId "8926093"]
[WhiteElo "2105"]
[BlackElo "2026"]

1. e4 e6 2. d4 d5 3. Nd2 Nf6 4. e5 Nfd7 5. c3 c5 6. f4 Nc6 7. Ndf3 cxd4 8. cxd4 a5 9. Bd3 Nb6 10. Ne2 a4 11. O-O a3 12. b3 Bd7 13. Kh1 g6 14. Nc3 Nb4 15.
Bb1 h5 16. Qe2 Nc8 17. Bd2 Na7 18. Bc1 Qa5 19. Ng5 Nb5 20. Qd2 Rc8 21. Nxb5 Bxb5 22. Rd1 Qa6 23. Qe1 Nd3 24. Qe3 Nxc1 25.
Rxc1 Rc6 26. Bc2 Bb4 27. Bd1 Qa5 28. Rxc6 bxc6 29. Nf3 Kd7 30. Rc1 Rc8 31. Rc2 Rc7 32. Ng5 Kc8 33. f5 exf5 34.
e6 f6 35. Nf7 Be7 36. Bf3 h4 37. h3 g5 38. Nh6 f4 39. Qc1 Kb8 40. Ng8 Qb4 41. Bxd5 Qxd4 42. Nxe7 Rxe7 43. Bxc6 Bd3 44.
Qxa3 Re8 45. Qa8+ Kc7 46. Qb7+ Kd6 47. Rd2 Re7 48. Qc8 Ke5 49. Qb8+ Kxe6 50. Qc8+ Kf7 51. Rd1 Qc5 52. Be8+ Rxe8 53.
Qxc5 1-0

[Event "NK ABC Kwalificatie 2"]
[Site "Zoetermeer, Netherlands"]
[Date "????.??.??"]
[Round "7.8"]
[White "Lopes, Samuel"]
[Black "Madularea, David"]
[Result "0-1"]
[TimeControl "55+10"]
[WhiteFideId "8763414"]
[BlackFideId "8700494"]
[WhiteElo "1990"]
[BlackElo "2232"]

1. e4 e6 2. d4 d5 3. exd5 exd5 4. c4 Nf6 5. Nc3 Bb4 6. Nf3 O-O 7. Bd3 dxc4 8. Bxc4 Bg4 9. O-O Nc6 10.
Be3 Qd7 11. d5 Bxf3 12. Qxf3 Ne5 13. Qe2 Nxc4 14. Qxc4 Bxc3 15. bxc3 Nxd5 16. Qd3 Rad8 17. Bc5 Rfe8 18. Qf3 b6 19.
Rad1 bxc5 20. c4 c6 21. Rd2 Qe6 22. cxd5 cxd5 23. h3 d4 24. Rfd1 h6 25. Qa3 c4 26. Qxa7 d3 27. Qc5 Rc8 28.
Qb4 Red8 29. Qc3 Qf6 30. Qa3 Qd4 31. Qc1 c3 32. Rxd3 Qxd3 33. Rxd3 Rxd3 34. Kf1 c2 0-1

[Event "NK ABC Kwalificatie 2"]
[Site "Zoetermeer, Netherlands"]
[Date "????.??.??"]
[Round "7.9"]
[White "De Wit, Evan"]
[Black "Krylov, Philippe"]
[Result "0-1"]
[TimeControl "55+10"]
[WhiteFideId "8935949"]
[BlackFideId "8776240"]
[WhiteElo "1955"]
[BlackElo "2035"]

1. d4 Nf6 2. c4 e6 3. Nc3 Bb4 4. e3 O-O 5. Bd3 d5 6. cxd5 exd5 7. a3 Be7 8. Nge2 c6 9. O-O Nbd7 10.
Qc2 Re8 11. b4 a6 12. f3 Nf8 13. Bd2 Ne6 14. Be1 g6 15. Bf2 Ng7 16. Kh1 Bf8 17. e4 dxe4 18. fxe4 Ng4 19. Bg1 Ne6 20.
Rad1 Qg5 21. d5 Nd8 22. h3 Ne3 23. Bxe3 Qxe3 24. Rf3 Qg5 25. Bc4 Bg7 26. Rdf1 Rf8 27. Qa2 Qe7 28. Qd2 Be5 29.
Qe3 Kh8 30. Na4 cxd5 31. Bxd5 Be6 32. Nb6 Rb8 33. Nc3 Nc6 34. Bxe6 fxe6 35. Ne2 Rxf3 36. Qxf3 Kg7 37. Nc4 Rf8 38.
Qf4 Rf7 39. Qxf7+ Qxf7 40. Rxf7+ Kf8 0-1

[Event "NK ABC Kwalificatie 2"]
[Site "Zoetermeer, Netherlands"]
[Date "????.??.??"]
[Round "7.10"]
[White "Van Batenburg, Mees"]
[Black "Woldhuis, Marnik"]
[Result "1-0"]
[TimeControl "55+10"]
[WhiteFideId "8762545"]
[BlackFideId "8820218"]
[WhiteElo "2221"]
[BlackElo "1989"]

1. e4 d5 2. exd5 Qxd5 3. Nc3 Qa5 4. d4 Nf6 5. Bc4 Bg4 6. f3 Bf5 7. Bd2 Qb6 8. Nge2 g6 9. g4 Bd7 10.
Bb3 Bg7 11. Bf4 g5 12. Bxg5 h5 13. gxh5 Rxh5 14. Qd2 Nc6 15. O-O-O Na5 16. h4 Nxb3+ 17. axb3 O-O-O 18. Ng3 Rhh8 19.
h5 Rdg8 20. Rdg1 Qa5 21. Kb1 Bc6 22. h6 Bf8 23. Nge4 Nxe4 24. fxe4 f6 25. Be3 Rxg1+ 26. Rxg1 Qh5 27. d5 Be8 28.
Qc1 Bg6 29. Rh1 Qf3 30. Rf1 Qh5 31. Bf4 Rh7 32. Rh1 Qf3 33. Rg1 Qh5 34. Rh1 Qf3 35. Rg1 Bxe4 36. Rg3 Qh1 37. Qxh1 Bxh1 38.
Rg8 Rf7 39. h7 Rxh7 40. Rxf8+ Kd7 41. Rb8 e5 42. dxe6+ Kxe6 43.
Be3 a6 44. Re8+ Kf5 45. Ne2 Bd5 46. Nd4+ Kg4 47. Rd8 c6 48. c4 Be4+ 49. Ka2 Rg7 50. Rf8 f5 51. b4 b5 52. b3 Rg6 53.
Kb2 Bd3 54. Kc3 Be4 55. Rf7 Bb1 56. Rf8 Be4 57. Re8 Bg2 58. Re6 Rxe6 59. Nxe6 Bh1 60. Kd4 Bf3 61. Nc5 f4 62. Bf2 Bd1 63.
Nxa6 Bxb3 64. c5 Bd5 65. Nc7 Bh1 66. Ne6 Bd5 67. Ke5 f3 68. Nf4 Bf7 69. Nd3 Bc4 70. Kd4 Bd5 71. Ke3 Kf5 72. Nf4 Be4 73. Be1 Ke5 74. Nd3+ Kf5 75. Nf2 Bd5 76. Bc3 Kg5 77. Be5 Kf5 78.
Bg3 Kg5 79. Kd4 Kf5 80. Bd6 Bc4 81. Ke3 Bd5 82. Nd3 Kg4 83. Nf2+ Kf5 84. Nh3 Kg4 85. Nf4 Bc4 86. Ng6 Bd5 87. Ne5+ 1-0

[Event "NK ABC Kwalificatie 2"]
[Site "Zoetermeer, Netherlands"]
[Date "????.??.??"]
[Round "7.11"]
[White "Groenewoud, Joel"]
[Black "Van Haaften, Jelle"]
[Result "0-1"]
[TimeControl "55+10"]
[WhiteFideId "8936114"]
[BlackFideId "8687283"]
[WhiteElo "2146"]
[BlackElo "1897"]

1. e4 c6 2. Nf3 d5 3. d3 dxe4 4. dxe4 Qxd1+ 5. Kxd1 Bg4 6. Be2 Nd7 7. Nfd2 Bxe2+ 8. Kxe2 Ngf6 9. a4 e6 10.
Nc3 Bb4 11. a5 O-O 12. f3 Rfd8 13. Nd1 Nf8 14. c3 Bd6 15. Nc4 Bc7 16. Be3 Nh5 17. g3 f5 18. e5 f4 19. g4 fxe3 20.
gxh5 Nd7 21. f4 Rf8 22. Rf1 Rf5 23. Ndxe3 Rxh5 24. Rf2 Rf8 25. Rd1 Nc5 26. Nd2 Rd8 27. Ndf1 Rxd1 28. Nxd1 Rh4 29. b4 Nd7 30. Nde3 g5 31. f5 Nf8 32. Nd2 Rf4 33. Ndc4 Kf7 34.
Rg2 h6 35. Rg4 Rxg4 36. Nxg4 exf5 37. Nxh6+ Ke6 38. Nd6 Bxd6 39. exd6 f4 40. Kf3 Kxd6 41. Ke4 Ke6 42. Nf5 Nd7 43. Nd4+ Kf6 44. a6 c5 45. Nb5 bxa6 46. Nxa7 cxb4 47. cxb4 Ne5 48. h3 Nc4 49. Nc6 Nd6+ 50. Kd4 Nb7 0-1

[Event "NK ABC Kwalificatie 2"]
[Site "Zoetermeer, Netherlands"]
[Date "????.??.??"]
[Round "7.12"]
[White "Etienne, Ghilon"]
[Black "Koppenens, Oscar"]
[Result "0-1"]
[TimeControl "55+10"]
[WhiteFideId "8852118"]
[BlackFideId "8863833"]
[WhiteElo "1901"]
[BlackElo "1948"]

1. e4 c5 2. Nf3 d6 3. d4 cxd4 4. Nxd4 Nf6 5. Nc3 a6 6. f3 e6 7. Be3 Be7 8. Qd2 Qc7 9. Be2 Nbd7 10.
O-O b5 11. Kh1 Bb7 12. a3 O-O 13. Rfd1 Rfd8 14. Rac1 Nb6 15. Qe1 Rac8 16. Qf2 Nc4 17. Bxc4 Qxc4 18. Nb3 Rd7 19. Bb6 Rb8 20.
Na5 Qc8 21. Ba7 Ra8 22. Bd4 e5 23. Be3 d5 24. exd5 Nxd5 25. Nxd5 Rxd5 26. Rxd5 Bxd5 27. Rd1 Qe6 28. Qd2 Rd8 29.
Nb7 Rd7 30. Nc5 Bxc5 31. Bxc5 e4 32. fxe4 Bc6 33. Qc1 Qxe4 34. Rg1 Rd5 35. Bb6 Rh5 36. Qd2 Rxh2+ 37. Kxh2 Qh4# 0-1